 Dungeon Crawl Stone Soup version 0.28-a0-265-g048bc9fd10 (webtiles) character file.

Game seed: 389074551274449916

1289 Leszczynek the Basher (level 8, -3/93 HPs)
             Began as a Human Gladiator on Aug 27, 2021.
             Was a Priest of the Shining One.
             Slain by Joseph (11 damage)
             ... on level 7 of the Dungeon.
             The game lasted 00:20:02 (2875 turns).

Leszczynek the Basher (Human Gladiator)             Turns: 2875, Time: 00:20:02

Health: -3/93      AC: 31    Str: 17    XL:     8   Next: 85%
Magic:  8/8        EV:  2    Int:  8    God:    the Shining One [***...]
Gold:   207        SH:  0    Dex: 15    Spells: 7/7 levels left

rFire   . . .      SeeInvis .   a - +2 morningstar (protect)
rCold   . . .      Faith    .   (no shield)
rNeg    + + +      Spirit   .   (armour currently unavailable)
rPois   +          Reflect  .   (helmet currently unavailable)
rElec   .          Harm     .   (cloak currently unavailable)
rCorr   .          Rampage  .   (gloves currently unavailable)
Will    .....      NoTele   +   (boots currently unavailable)
Stlth   +.........              (no amulet)
HPRegen 0.25/turn               (no ring)
MPRegen 0.11/turn               (no ring)

@: tree-form, marked, under a protective aura, glowing
A: stationary, stasis, torment immunity, boosted hp, (deformed body), subdued
magic 1, devolution 1
a: Renounce Religion, Divine Shield


You were on level 7 of the Dungeon.
You worshipped the Shining One.
The Shining One was most pleased with you.
You were a tree.
You visited 2 branches of the dungeon, and saw 8 of its levels.
You also visited: Ossuary.

You collected 207 gold pieces.

Inventory:

Hand Weapons
 a - a +2 morningstar of protection (weapon)
 b - a +0 hunting sling
 j - a +0 long sword
Missiles
 e - 181 stones (quivered)
 l - 120 arrows
 v - 60 bolts
Armour
 c - a +0 helmet (melded)
 d - a +0 leather armour
 p - a +0 ring mail (melded)
Jewellery
 w - a ring of fire
Wands
 t - a wand of mindburst (10)
Scrolls
 f - a scroll of magic mapping {unknown}
 h - a scroll of blinking {unknown}
 k - a scroll of silence {unknown}
 m - a scroll of immolation {!r}
 o - a scroll of enchant armour {unknown}
 s - a scroll of amnesia {unknown}
 u - 2 scrolls of identify {@r1}
 x - a scroll of noise {unknown}
 y - a scroll of fear {unknown}
Potions
 g - a potion of heal wounds {@q2}
 q - a potion of cancellation {unknown}
 r - a potion of curing {@q1}
 z - a potion of resistance {unknown}
 A - a potion of might {unknown}
 B - a potion of degeneration {unknown}


   Skills:
 - Level 5.1 Fighting
 - Level 4.1 Long Blades
 - Level 8.3 Maces & Flails
 - Level 2.0 Throwing
 - Level 3.0 Dodging
 + Level 0.5 Invocations


You had 7 spell levels left.
You didn't know any spells.
Your spell library contained the following spells:

 Spells                   Type           Power      Damage    Failure   Level
 Foxfire                  Conj/Fire      0%         2x1d4     36%         1
 Conjure Flame            Conj/Fire      0%         6-21      75%         3
 Inner Flame              Hex/Fire       0%         N/A       75%         3


Dungeon Overview and Level Annotations

Branches:
Dungeon (7/15)             Temple (1/1) D:4         Ossuary (visited)

Altars:
Ashenzari
Fedhas
Hepliaklqana
Kikubaaqudgha
Makhleb
Nemelex Xobeh
Trog
Uskayaw
Zin
The Shining One

Annotations:
D:3 Robin
D:5 Dowan, Duvessa
D:7 Harold, Joseph


Innate Abilities, Weirdness & Mutations

You are a tree.
Your roots penetrate the ground, keeping you stationary.
You cannot be teleported.
You are immune to unholy pain and torment.
Your maximum health is greatly increased.
Your equipment is partially melded.
((Armour fits poorly on your strangely shaped body.))
Your spells are a little easier to cast, but a little less powerful.
You have hidden genetic defects.


Message History

Harold hits you but does no damage. Joseph hits you but does no damage.
The hound bites you.
You hit Harold but do no damage.
Harold is heavily wounded.
The hound bites you but does no damage. Harold hits you with a +0 battleaxe!
Joseph shouts, "Wow!"
Joseph hits you with a +0 quarterstaff.
* * * LOW HITPOINT WARNING * * *
The hound bites you but does no damage.
You feel much better. Harold hits you but does no damage.
Joseph hits you with a +0 quarterstaff. The hound bites you but does no damage.
You sock Harold!
Harold is severely wounded.
The hound bites you but does no damage. Harold hits you but does no damage.
Joseph hits you but does no damage. The hound bites you but does no damage.
It was a potion of mutation.
You feel extremely strange.
You feel a hidden malignance growing inside you.
Your connection to magic feels subdued.
Harold hits you but does no damage. Joseph hits you with a +0 quarterstaff.
The hound bites you but does no damage.
You puncture Harold!
Harold is severely wounded.
The hound bites you but does no damage.
Harold says, "This is so exciting!
What a great way to end my career!"
Harold hits you with a +0 battleaxe!!
* * * LOW HITPOINT WARNING * * *
Joseph hits you but does no damage. The hound bites you.
* * * LOW HITPOINT WARNING * * *
Harold casts a spell at you. The mark upon you grows brighter.
You feel a genetic drift.
Your body twists and deforms.
You hit Harold but do no damage.
Harold is severely wounded.
The hound barely misses you. Joseph hits you with a +0 quarterstaff.
* * * LOW HITPOINT WARNING * * *
An orc comes into view. It is wielding a +0 whip.
Harold hits you with a +0 battleaxe!
* * * LOW HITPOINT WARNING * * *
The hound bites you but does no damage. Joseph hits you with a +0 quarterstaff!
You die...

#.# ## #.# .. #.#
######. #.# # .......
#.# .# ....... #.######
.#
.......###o.....#####.#
......@♣hhZ...........#
##.###@########.#.....#
#.#..............#.
#....<####.#.......
#[..#.#....#.#....#
#.................#
......#.#.#....<.....
#####.#.#.#.........# #
..............#


You could see Harold, Joseph, a black bear, a hound, an orc and a killer bee
zombie.

Vanquished Creatures
  A water moccasin (D:6)
  A sky beast (D:6)
  An ogre (D:4)
  A centaur (D:7)
  4 elf zombies (Ossuary)
  2 scorpions
  2 human zombies (Ossuary)
  3 hounds
  2 jellies
  2 orc priests (D:4)
  2 iguanas
  2 mummies (Ossuary)
  3 gnolls (D:5)
  3 adders
  3 ufetubi
  An adder skeleton (D:4)
  An adder zombie (Ossuary)
  2 dart slugs
  13 orcs
  7 ball pythons
  A bat (D:2)
  4 endoplasms
  7 goblins
  7 hobgoblins
  2 jackals (D:4)
  5 quokkas
  4 frilled lizards
  2 goblin zombies (Ossuary)
  11 hobgoblin zombies (Ossuary)
  2 jackal zombies (Ossuary)
  4 kobolds
  5 kobold zombies (Ossuary)
  9 orc zombies (Ossuary)
  A rat (D:3)
120 creatures vanquished.

Vanquished Creatures (others)
  An orc wizard (D:4)
1 creature vanquished.

Grand Total: 121 creatures vanquished

Notes
Turn   | Place    | Note
-------+----------+-------------------------------------------
     0 | D:1      | Leszczynek the Human Gladiator began the quest for the Orb.
     0 | D:1      | Reached XP level 1. HP: 16/16 MP: 1/1
   184 | D:2      | Reached XP level 2. HP: 12/22 MP: 2/2
   297 | D:2      | Reached skill level 4 in Long Blades
   297 | D:2      | Reached XP level 3. HP: 23/27 MP: 3/3
   660 | D:3      | Reached skill level 1 in Maces & Flails
   758 | D:4      | Reached XP level 4. HP: 21/34 MP: 4/4
   767 | D:4      | Reached skill level 2 in Maces & Flails
   783 | D:4      | Noticed an ogre
   969 | D:3      | Noticed Robin
  1060 | D:4      | Reached XP level 5. HP: 12/40 MP: 5/5
  1065 | D:4      | Reached skill level 3 in Fighting
  1116 | D:4      | Reached skill level 3 in Maces & Flails
  1116 | D:4      | Reached XP level 6. HP: 34/47 MP: 6/6
  1263 | D:4      | Found a staircase to the Ecumenical Temple.
  1272 | Temple   | Entered the Ecumenical Temple
  1307 | Temple   | Became a worshipper of the Shining One
  1365 | D:5      | Entered Level 5 of the Dungeon
  1399 | D:4      | Reached skill level 4 in Maces & Flails
  1493 | D:5      | Noticed Duvessa
  1505 | D:5      | Noticed Dowan
  1765 | D:4      | Found an ancient bone altar of Kikubaaqudgha.
  1849 | D:4      | Reached skill level 4 in Fighting
  1849 | D:4      | Reached XP level 7. HP: 44/54 MP: 7/7
  1875 | D:4      | Reached skill level 5 in Maces & Flails
  2046 | D:6      | oh, so they removed scroll swinging, huh
  2046 | D:6      | then a heavy unskilled weapon is a necessity now, how fun
  2047 | D:6      | Noticed a water moccasin
  2071 | D:6      | wait wait
  2071 | D:6      | uhh
  2071 | D:6      | repeat command doesn't get interrupted at enemy sighting
                  | now?
  2071 | D:6      | what the fuck
  2071 | D:6      | i killed an orc by randomly swinging in a direction
  2082 | D:6      | Killed a water moccasin
  2082 | D:6      | HP: 16/82 [poisoned by a water moccasin]
  2083 | D:6      | Reached skill level 5 in Fighting
  2083 | D:6      | Reached skill level 6 in Maces & Flails
  2083 | D:6      | Reached XP level 8. HP: 19/62 MP: 8/8
  2087 | D:6      | HP: 8/62 [poisoned by a water moccasin]
  2256 | D:6      | X D
  2294 | D:7      | Noticed Harold
  2294 | D:7      | Noticed Joseph
  2298 | D:6      | XD
  2320 | D:6      | Reached * piety under the Shining One
  2532 | D:7      | Found a sand-covered staircase.
  2539 | Ossuary  | Entered an ossuary
  2592 | Ossuary  | Reached ** piety under the Shining One
  2677 | Ossuary  | Reached skill level 7 in Maces & Flails
  2723 | Ossuary  | Reached *** piety under the Shining One
  2779 | Ossuary  | Reached skill level 8 in Maces & Flails
  2873 | D:7      | Gained mutation: You have hidden genetic defects. [potion
                  | of mutation]
  2873 | D:7      | Gained mutation: Your spells are a little easier to cast,
                  | but a little less powerful. [potion of mutation]
  2874 | D:7      | Gained mutation: Armour fits poorly on your strangely
                  | shaped body. [hidden defects]
  2875 | D:7      | HP: 8/93 [Harold (11)]
  2875 | D:7      | Slain by Joseph

Illustrated notes ... #................. . #..###..........##.. #... ##.........#... #..# #...........# . #..# ##..........###.. #..###................ ...........##...... ....#...........#.. ...####@###..<..# # ##. #.#......## # . #...##..## .## ##..###.##...# ....##.....# .....##.....# ........[...## .#......##.## ...###..# Turn 2046 on D:6: oh, so they removed scroll swinging, huh

......#........#.##).##..
....# #...........>......
... ##................. .
#..###..........##.. #...
##.........#... #..#
#...........# #..#
##..........###
...##..###..............
.......@).......##......
....#....#...........#..
........####)###..<..# #
.....##.# #.#......## #
..... ..# #...##..## .#
.... ##.# ##..###.##...
... #.. ....##.....# ...
### .....##...S.#
........[...##


Turn 2071 on D:6: wait wait #........>....... ##.......<.......
#......#..##..... ##....##.###..... ###...###..#... ## #.....#.#[....##
#..............# ##..............## . #....@.....#.....##.#.
#..................#... .....#.##..........##... .###.#####..........##... #..
..............#.... ... .................... ## ###.................
###........#...... ........###...... Turn 2256 on D:6: X D #.............#
#...........## ###...#........# #....###.......## #..............##.
###....##........... #.....###........... #......###..........
#........@.......... ##.......<.......).. #......#..##........
##....##.###........ ###...###..#...###.## #.....#.#[....## ## #..............#
##..............## ... #....<.....#.....##.#.....^. Turn 2298 on D:6: XD

Levels and vault maps discovered:
D:1:      co_arrival_random_square_maze, layout_loops_ring,
          ebering_ecumenical_altar_mist
D:2:      cheibrodos_helix_gallery, layout_basic, guppyfry_early_orc_mine,
          uniq_natasha
D:3:      minmay_octagon_keep, layout_basic, uniq_robin, uniq_grinder
D:4:      layout_loops_ring, lemuel_coloured_pillars_altar,
          minmay_temple_entry_statues_pillars
D:5:      layout_rooms, minmay_diced_spiral, uniq_duvessa
D:6:      layout_cave_pools, ebering_dispersal_statue_hall
D:7:      layout_basic, kennysheep_mini_moat, enter_ossuary_3,
          uniq_prince_ribbit1, uniq_joseph, uniq_harold
Temple:   kb_temple_of_zot

Skill      XL: |  1  2  3  4  5  6  7  8 |
---------------+-------------------------+-----
Long Blades    | 4 |  4.1
Maces & Flails | 1 2 3 4 6 8 |  8.3
Fighting       | 3 4 5 |  5.1
Throwing       | |  2.0
Dodging        | |  3.0
Invocations    | |  0.5

Action                   |  1- 3 |  4- 6 |  7- 9 || total
-------------------------+-------+-------+-------++-------
Melee: Long sword        |    20 |       |     2 ||    22
       Morningstar       |    41 |   119 |   158 ||   318
 Fire: Hunting sling     |       |    22 |    65 ||    87
Throw: Stone             |    35 |    11 |       ||    46
       Throwing net      |     3 |     1 |       ||     4
Evoke: Wand              |       |       |     1 ||     1
  Use: Potion            |       |     1 |     6 ||     7
       Scroll            |       |     1 |     1 ||     2
 Stab: Held in net/web   |     1 |     1 |       ||     2
Armor: Leather armour    |    24 |    17 |       ||    41
       Ring mail         |       |    35 |    57 ||    92
       Skin              |       |       |    37 ||    37
Dodge: Dodged            |    41 |    81 |    68 ||   190

Table legend: (Time is in decaauts)
 A = Elapsed time spent in this place.
 B = Non-inter-level travel time spent in this place.
 C = Inter-level travel time spent in this place.
 D = Time resting spent in this place.
 E = Time spent auto-exploring this place.
 F = Levels seen in this place.
 G = Mean time per level.
                   A        B        C        D        E       F      G
               +--------+--------+--------+--------+--------+-----+--------+
         Total |   2999 |   2823 |    176 |      4 |      0 |   9 |  333.2 |
       Dungeon |   2614 |   2438 |    176 |      4 |      0 |   7 |  373.4 |
        Temple |     65 |     65 |      0 |      0 |      0 |   1 |   65.0 |
       Ossuary |    318 |    318 |      0 |      0 |      0 |   1 |  318.0 |
               +--------+--------+--------+--------+--------+-----+--------+

Top non-repeatable levels by time:
     D:4: 829 daAuts
     D:3: 623 daAuts
     D:6: 467 daAuts
 Ossuary: 318 daAuts
     D:2: 280 daAuts
     D:7: 180 daAuts
     D:1: 117 daAuts
     D:5: 116 daAuts
  Temple: 65 daAuts
